 Dungeon Crawl Stone Soup version 0.30.1-9-gdf580d7c3d (webtiles) character file.

Game seed: 12256219612292841286

81 Zalbag the Magician (level 4, -3/32 HPs)
             Began as a Djinni Fire Elementalist on Oct 25, 2023.
             Blown up by Ijyb (18 damage)
             ... with a mindburst bolt
             ... on level 3 of the Dungeon.
             The game lasted 00:04:18 (1695 turns).

Zalbag the Magician (Djinni Fire Elementalist)      Turns: 1695, Time: 00:04:18

Health: -3/32      AC:  5    Str:  7    XL:     4   Next: 68%
Gold:   86         EV: 12    Int: 19    God:
                   SH:  0    Dex: 13

rFire   + + .        e - +1 dagger (venom)
rCold   x . .        (no shield)
rNeg    . . .        a - +0 robe
rPois   ∞            p - +2 helmet
rElec   .            (no cloak)
rCorr   .            (no gloves)
SInv    .            (boots unavailable)
Will    .....        (no amulet)
Stlth   ++           (no ring)
HPRegen 0.25/turn    (no ring)
MPRegen 0.00/turn

%: infuse magic (-4 HP)
@: flying
A: sickness immunity, fire resistance 2, cold vulnerability 1, float, innate
caster, HP casting, extra vitality 1
a: no special abilities


You were on level 3 of the Dungeon.
You visited 1 branch of the dungeon, and saw 3 of its levels.

You collected 86 gold pieces.

Inventory:

Hand Weapons
 b - a +0 dagger
 e - a +1 dagger of venom (weapon)
Missiles
 j - 17 poisoned darts (quivered)
Armour
 a - a +0 robe (worn)
 p - a +2 helmet (worn)
Jewellery
 l - a +4 ring of protection
Scrolls
 c - 2 scrolls of teleportation {unknown}
 g - a scroll of acquirement {unknown}
 i - a scroll of brand weapon {unknown}
 k - a scroll of identify {unknown}
 m - a scroll of fear {unknown}
Potions
 d - 2 potions of curing {unknown}
 f - a potion of haste {unknown}
 h - a potion of attraction {unknown}
 n - a potion of brilliance {unknown}
 o - a potion of flight {unknown}
 q - a potion of magic {unknown}


   Skills:
 + Level 1.4 Fighting
 - Level 0.3 Short Blades
 + Level 2.2 Dodging
 - Level 1.5 Stealth
 * Level 3.6 Spellcasting


You knew the following spells:

 Your Spells              Type           Power      Damage    Failure   Level
a - Foxfire               Conj/Fire      68%        2x1d7     3%          1
b - Scorch                Fire           34%        2d6       4%          2
c - Volatile Blastmotes   Fire/Tloc      34%        2d12      10%         3
d - Inner Flame           Hex/Fire       17%        N/A       10%         3
e - Flame Wave            Conj/Fire      17%        2d7       32%         4
f - Beastly Appendage     Tmut           34%        N/A       3%          1
Your spell library was empty.

Dungeon Overview and Level Annotations

Branches:
Dungeon (3/15)

Altars:
Cheibriados

Shops:
D:2 [

Annotations:
D:3 Ijyb


Innate Abilities, Weirdness & Mutations

You are immune to sickness and miasma.
You are immune to poison.
Your flesh is very heat resistant. (rF++)
You are vulnerable to cold. (rC-)
You float through the air rather than walking.
You learn spells naturally, not from books.
Your magical power is your life essence.
You have superior vitality. (+4 MHP)


Message History

You hear a shout!
Unknown command.
Your foxfire dissipates!
j - 17 poisoned darts (gained 2)
Found a stone staircase leading down.
q - a clear potion
Found a There-And-Back Book.
A bat comes into view.
Unknown command.
Casting: Scorch (safe; 4% risk of failure)
Confirm with . or Enter, or press ? or * to list all spells.
Flames lash the bat.
You kill the bat!
Ijyb the Twisted Goblin comes into view.
She is wielding a +0 dagger of venom, wearing a +3 ring mail of cold resistance and carrying a wand of mindburst (5).
You see here 8 gold pieces.
Casting: Scorch (safe; 4% risk of failure)
Confirm with . or Enter, or press ? or * to list all spells.
You conjure some foxfire!
Ijyb shouts!
Casting: Foxfire (safe; 3% risk of failure)
Confirm with . or Enter, or press ? or * to list all spells.
You conjure some foxfire!
The foxfire hits Ijyb.
Ijyb is lightly wounded.
The foxfire hits Ijyb.
Ijyb is lightly wounded.
The foxfire hits Ijyb.
Ijyb is moderately wounded.
The foxfire hits Ijyb but does no damage.
Ijyb is moderately wounded.
Ijyb zaps a wand.
Your mind is blasted!
Casting: Foxfire (safe; 3% risk of failure)
Confirm with . or Enter, or press ? or * to list all spells.
Flames lash Ijyb.
Ijyb is severely wounded.
Ijyb's fire resistance burns away.
Casting: Scorch (safe; 4% risk of failure)
Confirm with . or Enter, or press ? or * to list all spells.
Flames lash Ijyb but do no damage.
Ijyb zaps a wand.
Your mind is blasted!
Ouch! That really hurt!
You die...

. ##...........
.......:..##............
......................##.
........$..........#####.
.........................
....................#####
............#.....###
.......>...........#
........@.g........####.
.........................
.....#.$#####......####..
.......## ##...#.#
.##..#. #####.# #..... ##
#.##.. #. #.. # ###


You could see Ijyb (combustible).

Vanquished Creatures
  Robin (D:2)
  An adder (D:2)
  A worm (D:2)
  2 dart slugs
  9 bats
  2 endoplasms (D:3)
  3 giant cockroaches
  7 goblins
  7 hobgoblins
  4 kobolds
  3 quokkas
  5 ball pythons
  2 frilled lizards
  A rat (D:1)
48 creatures vanquished.

Vanquished Creatures (others)
  41 foxfires
41 creatures vanquished.

Grand Total: 89 creatures vanquished

Notes
Turn   | Place    | Note
-------+----------+-------------------------------------------
     0 | D:1      | Zalbag the Djinni Fire Elementalist began the quest for the
                  | Orb.
     0 | D:1      | Zalbag set off with the following spells memorised:
                  | Foxfire, Scorch, Volatile Blastmotes, Inner Flame, Flame
                  | Wave.
     0 | D:1      | Reached XP level 1. HP: 15/15 MP: 0/0
   111 | D:1      | Reached XP level 2. HP: 14/21 MP: 0/0
   287 | D:1      | Reached skill level 3 in Spellcasting
   636 | D:1      | Reached XP level 3. HP: 23/25 MP: 0/0
   636 | D:1      | Learned a level 1 spell: Beastly Appendage
  1222 | D:2      | Found Washrak's Armour Emporium.
  1316 | D:2      | Reached XP level 4. HP: 26/31 MP: 0/0
  1324 | D:2      | Noticed Robin
  1328 | D:2      | Reached skill level 1 in Fighting
  1332 | D:2      | Killed Robin
  1491 | D:3      | Found a snail-covered altar of Cheibriados.
  1689 | D:3      | Noticed Ijyb
  1695 | D:3      | Blown up by Ijyb

Illustrated notes

Levels and vault maps discovered:
D:1:      psy_arrival_terrarium, layout_loops_ring
D:2:      layout_rooms, serial_shops, shop, minmay_strange_pillars,
          reono_crystal_passage, minmay_tetromino_t2, uniq_robin
D:3:      layout_rooms, nicolae_overflow_two_pavilions,
          shapermc_ecumenical_altar_gd, uniq_ijyb

Skill      XL: |  1  2  3  4 |
---------------+-------------+-----
Spellcasting   | 3 |  3.6
Fighting       | 1 |  1.4
Short Blades   | |  0.3
Dodging        | |  2.2
Stealth        | |  1.5

Action                     |  1- 3 |  4- 6 || total
---------------------------+-------+-------++-------
  Melee: Unarmed           |    18 |       ||    18
         Dagger            |    69 |    21 ||    90
         Punch             |       |     1 ||     1
   Cast: Foxfire           |    19 |     5 ||    24
         Scorch            |       |    10 ||    10
   Stab: Sleeping          |     7 |       ||     7
 Armour: Robe              |    28 |     4 ||    32
  Dodge: Dodged            |    71 |    17 ||    88
